 Dungeon Crawl Stone Soup version 0.31.0-11-ge490571c62 (webtiles) character file.

Game seed: 3784545916733476415

4 Chiseanne the Poker (level 1, 0/15 HPs)
             Began as a Demonspawn Wanderer on Feb 10, 2024.
             Slain by a kobold
             ... wielding a +2 whip of venom
              (3 damage)
             ... on level 1 of the Dungeon.
             The game lasted 00:00:34 (67 turns).

Chiseanne the Poker (Demonspawn Wanderer)             Turns: 67, Time: 00:00:34

Health: 0/15       AC:  4    Str: 11    XL:     1   Next: 58%
Magic:  1/1        EV: 11    Int:  9    God:
Gold:   10         SH:  0    Dex: 16    Spells: 0/0 levels left

rFire   . . .        a - +2 spear
rCold   . . .        (no shield)
rNeg    . . .        e - +0 leather armour
rPois   .            (no helmet)
rElec   .            c - +0 cloak
rCorr   .            (no gloves)
SInv    .            (no boots)
Will    .....        (no amulet)
Stlth   ++           (no ring)
HPRegen 0.22/turn    (no ring)
MPRegen 0.07/turn

%: no passive effects
@: no status effects
A: no striking features
a: no special abilities


You were on level 1 of the Dungeon.
You visited 1 branch of the dungeon, and saw 1 of its levels.

You collected 10 gold pieces.

Inventory:

Hand Weapons
 a - a +2 spear (weapon)
 w - a +0 sling
Armour
 c - a +0 cloak (worn)
 e - a +0 leather armour (worn)
Scrolls
 b - a scroll of identify {unknown}
 f - a scroll of revelation {unknown}
Potions
 d - a potion of heal wounds


   Skills:
 * Level 1.2 Fighting
 - Level 4.5 Polearms
 - Level 1.0 Ranged Weapons
 * Level 0.3 Armour
 * Level 0.4 Dodging
 - Level 2.6 Stealth


You couldn't memorise any spells.
You didn't know any spells.
Your spell library was empty.

Dungeon Overview and Level Annotations

Branches:
Dungeon (1/15)

Altars:


Message History

The endoplasm hits you.
The rat twitches its whiskers.
The ball python's grasp on you weakens, but your attempt to escape fails.
The ball python bites you. The ball python constricts you.
A kobold comes into view. It is wielding a +0 club.
The endoplasm hits you but does no damage.
The endoplasm jiggles.
You escape the ball python's grasp.
The endoplasm jiggles.
The ball python bites you. The ball python barely misses you.
The ball python attacks as it pursues you!
The ball python bites you but does no damage.
The ball python barely misses you.
You hit the ball python.
You kill the ball python!
You puncture the rat!
You kill the rat!
The endoplasm barely misses you.
Things that are here:
a rat corpse; a ball python corpse The endoplasm freezes you.
You are frozen.
* * * LOW HITPOINT WARNING * * *
The endoplasm hits you but does no damage.
The endoplasm closely misses you.
You hit the endoplasm.
The endoplasm is almost dead.
The endoplasm closely misses you. The endoplasm freezes you.
You are frozen.
* * * LOW HITPOINT WARNING * * *
You hit the endoplasm.
You kill the endoplasm!
The endoplasm hits you.
* * * LOW HITPOINT WARNING * * *
Found a scroll labelled SINNOO UR URAI and 6 gold pieces.
A goblin comes into view. It is wielding a +0 club.
The kobold attacks as it pursues you!
The kobold hits you with a +2 whip of venom.
You die...

....................)....
.#............##.....####.
....... #.### #.........#~
.......##†## #..........~
.......#...####..........P
.#...........#.........P~P
.........###.#..........PP
##....J##?#...##.......~~
#.....#@##.####......PPP
##....K##..###..........
.....##.......#...........
P...##.#...##............
###.#$##..#....K........ #
###.............
.=.........#!..
............K...
.........g.......


You could see a kobold.

Vanquished Creatures
  2 endoplasms (D:1)
  A ball python (D:1)
  A kobold (D:1)
  A rat (D:1)
5 creatures vanquished.

Notes
Turn   | Place    | Note
-------+----------+-------------------------------------------
     0 | D:1      | Chiseanne the Demonspawn Wanderer began the quest for the
                  | Orb.
     0 | D:1      | Chiseanne set off with the following items: a +2 spear, a
                  | +0 sling, a +0 cloak, a potion of heal wounds, a +0 leather
                  | armour.
     0 | D:1      | Reached XP level 1. HP: 15/15 MP: 1/1
    67 | D:1      | Slain by a kobold

Illustrated notes

Levels and vault maps discovered:
D:1:      tarquinn_simple_flora_water_e, layout_rooms, serial_bayou,
          serial_bayou_crossing, serial_bayou_lagoon_a, serial_bayou_pond_c,
          serial_bayou_pond_c, serial_bayou_pond_a, grunt_decor_fettered,
          minmay_bisected

Action                     || total
---------------------------++-------
  Melee: Spear             ||    11
 Armour: Leather armour    ||     9
  Dodge: Dodged            ||     7
